 Dungeon Crawl Stone Soup version 0.27.1-34-g3ba077fa99 (webtiles) character file.

Game seed: 8252314692284833433

63596 sankara the Grappler (level 14, -15/140 HPs)
             Began as a Troll Monk on Jan 18, 2022.
             Was a High Priest of Okawaru.
             Demolished by a two-headed ogre (26 damage)
             ... on level 2 of the Orcish Mines on Jan 19, 2022.
             The game lasted 01:15:16 (17131 turns).

sankara the Grappler (Troll Monk)                  Turns: 17131, Time: 01:15:17

Health: -15/140    AC: 15    Str: 28    XL:     14   Next: 68%
Magic:  18/18      EV: 21    Int:  7    God:    Okawaru [*****.]
Gold:   2557       SH:  0    Dex: 15    Spells: 13/13 levels left

rFire    + + .     SeeInvis .     - Unarmed
rCold    + + .     Faith    +   L - +2 shield of Resistance {rF++ rC++ Will++}
rNeg     . . .     Spirit   .   q - +3 troll leather armour
rPois    .         Reflect  .   N - +2 hat {Stlth+}
rElec    .         Harm     .   g - +1 cloak {Stlth+}
rCorr    .         Rampage  .   (gloves unavailable)
Will     +++..                  (boots unavailable)
Stlth    +++.......             o - amulet of faith
HPRegen  2.33/turn              C - +4 ring of evasion
MPRegen  0.16/turn              a - +6 ring of strength

@: confused, mighty, heroic, finesse-ful, ambrosia-drunk, studying Dodging
A: large, unfitting armour, claws 3, regeneration 1, shaggy fur 1, tough skin 1
a: Renounce Religion, Heroism, Finesse


You were on level 2 of the Orcish Mines.
You worshipped Okawaru.
Okawaru was extremely pleased with you.
You visited 4 branches of the dungeon, and saw 20 of its levels.
You also visited: Bailey.

You collected 2557 gold pieces.

Inventory:

Hand Weapons
 b - a +6 hunting sling of venom
Missiles
 e - 80 sling bullets
 f - 101 poisoned darts
 l - 53 boomerangs
 p - 2 curare-tipped darts
 t - 4 large rocks
 y - 882 stones (quivered)
 M - 14 javelins
 Q - 6 throwing nets
 W - 7 boomerangs of dispersal
Armour
 g - a +1 cloak of stealth (worn)
 q - a +3 troll leather armour (worn)
 z - a scarf of invisibility
 L - the +2 shield of Resistance (worn) {rF++ rC++ Will++}
   (You found it on level 5 of the Lair of Beasts)

   rF:        It greatly protects you from fire.
   rC:        It greatly protects you from cold.
   Will:      It greatly increases your willpower.
 N - a +2 hat of stealth (worn)
Jewellery
 a - a +6 ring of strength (right claw)
 o - an amulet of faith (around neck)
 w - a ring of flight
 C - a +4 ring of evasion (left claw)
 K - a ring of see invisible
 S - a ring of willpower
 V - a ring of protection from cold
Wands
 d - a wand of iceblast (10)
 h - a wand of charming (9)
 n - a wand of flame (46)
 u - a wand of acid (7)
 I - a wand of paralysis (18)
 U - a wand of polymorph (15)
 Y - a wand of mindburst (21)
Scrolls
 c - 7 scrolls of teleportation
 i - a scroll of magic mapping
 D - 5 scrolls of blinking
 F - 2 scrolls of holy word
 G - a scroll of silence
 H - 2 scrolls of enchant weapon
Potions
 j - 2 potions of attraction
 k - 3 potions of invisibility
 r - 5 potions of flight
 s - 2 potions of brilliance
 x - 7 potions of curing
 P - a potion of haste
 R - a potion of cancellation
 T - a potion of resistance


   Skills:
 - Level 9.0(14.0) Fighting
 - Level 7.0(12.0) Throwing
 - Level 6.0(11.0) Armour
 + Level 10.9(15.9) Dodging
 - Level 1.0(6.0) Stealth
 + Level 7.9(12.9) Shields
 + Level 14.5(19.5) Unarmed Combat
 - Level 7.0 Invocations


You had 13 spell levels left.
You didn't know any spells.
Your spell library contained the following spells:

 Spells                   Type           Power      Damage    Failure   Level
 Beastly Appendage        Tmut           0%         N/A       45%         1
 Summon Small Mammal      Summ           0%         N/A       45%         1
 Corpse Rot               Necr/Air       N/A        N/A       58%         2
 Slow                     Hex            0%         N/A       58%         2
 Static Discharge         Conj/Air       0%         N/A       58%         2
 Wereblood                Tmut           0%         N/A       58%         2
 Call Canine Familiar     Summ           0%         N/A       83%         3
 Confusing Touch          Hex            0%         N/A       83%         3
 Frozen Ramparts          Ice            0%         1d2       83%         3
 Ozocubu's Armour         Ice            0%         N/A       83%         3
 Spider Form              Tmut/Pois      0%         N/A       83%         3
 Stone Arrow              Conj/Erth      0%         3d7       83%         3
 Summon Guardian Golem    Hex/Summ       0%         N/A       83%         3
 Animate Armour           Summ/Erth      0%         N/A       99%         4
 Dispel Undead            Necr           0%         3d6       99%         4
 Ice Form                 Ice/Tmut       0%         N/A       99%         4
 Olgreb's Toxic Radiance  Pois           0%         N/A       99%         4
 Sticky Flame             Conj/Fire      0%         2d3       99%         4
 Summon Ice Beast         Ice/Summ       0%         N/A       99%         4
 Blade Hands              Tmut           0%         N/A       100%        5
 Irradiate                Conj/Tmut      0%         3d14      100%        5
 Yara's Violent Unravell  Hex/Tmut       0%         3d3       100%        5
 Death Channel            Necr           0%         N/A       100%        6
 Dragon Form              Tmut           0%         N/A       100%        7
 Malign Gateway           Summ/Tloc      0%         N/A       100%        7
 Ozocubu's Refrigeration  Ice            0%         4d5       100%        7
 Summon Hydra             Summ           0%         N/A       100%        7
 Ignition                 Fire           0%         3d3       100%        8
 Lehudib's Crystal Spear  Conj/Erth      0%         10d2      100%        8
 Summon Horrible Things   Summ           0%         N/A       100%        8


Dungeon Overview and Level Annotations

Branches:
Dungeon (11/15)            Temple (1/1) D:4            Lair (6/6) D:9
  Swamp (0/4) Lair:4        Snake (0/4) Lair:3        Slime (0/5) Lair:6
    Orc (2/2) D:10            Elf (0/3) Orc:2        Bailey (visited)

Altars:
Ashenzari
Cheibriados
Dithmenos
Elyvilon
Fedhas
Gozag
Hepliaklqana
Kikubaaqudgha
Makhleb
Nemelex Xobeh
Okawaru
Qazlal
Ru
Sif Muna
Trog
Uskayaw
Vehumet
Wu Jian
Xom
Yredelemnul
Zin
The Shining One
Beogh
Lugonu

Shops:
D:2 !   D:6 :   Orc:2 [

Annotations:
D:6 3 runed translucent doors, Jazqba's ghost, novice HONe


Innate Abilities, Weirdness & Mutations

You are too large for most types of armour.
You have claws for hands.
Your natural rate of healing is unusually fast.
You are covered in fur. (AC +1)
You have tough skin. (AC +1)


Message History

Something hits you.
* * * LOW HITPOINT WARNING * * *
The ogre mage closely misses you.
Unknown command.
You are confused.
You feel invigorated. Something barely misses you.
The two-headed ogre misses you. The two-headed ogre closely misses you.
Something hits you!
* * * LOW HITPOINT WARNING * * *
The ogre completely misses you.
The ogre mage hits you from afar with a +0 spear!
* * * LOW HITPOINT WARNING * * *
Something hits you but does no damage. The troll bites you!
* * * LOW HITPOINT WARNING * * *
The troll misses you. The troll closely misses you.
You're too confused to attack without stumbling around!
You're too confused to attack without stumbling around!
You're too confused to attack without stumbling around!
You're too confused to attack without stumbling around!
You eviscerate something!!!
You hear a shout!
You bump into the rock wall.
Something hits you but does no damage. The two-headed ogre misses you.
The two-headed ogre hits you with a +0 giant spiked club!
* * * LOW HITPOINT WARNING * * *
The two-headed ogre completely misses you.
The two-headed ogre closely misses you. Something hits you but does no damage.
The ogre mage gestures at the two-headed ogre while chanting.
The ogre closely misses you. The troll closely misses you. The troll claws you.
* * * LOW HITPOINT WARNING * * *
The troll barely misses you.
You hear some strange, mumbled words.
The ogre seems to speed up.
Unknown command.
You mangle the ogre!!
The ogre is almost dead.
You claw the two-headed ogre!
The two-headed ogre is moderately wounded.
The two-headed ogre hits you with a +0 giant club!!
You die...

.... #...........#.....
.....##...##.#....##.##.
...........).....##.....
...........))...#.#.....
........................
..........)..........#.#
.........)[......##.#...
......T......##.#.......
..###O@###.............
#.OOO###......#.....
#OOO{OO##......##...#
#..OO.O##...... ##...
#....OO.. ...#.. #...
#........# ..... ##..
#........# #.. #..
#........# .... #..
..... ...


You could see 3 two-headed ogres, an ogre mage, a troll and 10 ogres.

Vanquished Creatures
  Gastronok (D:11)
  The ghost of Ikheod the Impaler, a journeyman MfGl of Okawaru (Lair:6)
  The ghost of DiogoH the Basher, a journeyman PaWr of Hepliaklqana (Lair:4)
  A minotaur (Lair:6)
  The ghost of Serogusm the Archer, a journeyman CeAM of Okawaru (Lair:5)
  The ghost of cccc the Cleaver, a journeyman MiBe of Trog (D:10)
  7 hydras
  An ogre mage (D:9)
  10 two-headed ogres
  A merfolk avatar (Lair:6)
  A death yak (Lair:4)
  3 harpies (Lair:6)
  A lindwurm (Lair:6)
  An orc knight (Orc:1)
  4 oklob plants (Lair:6)
  An orc sorcerer (Orc:2)
  A moth of wrath (Lair:5)
  A wolf spider (Lair:6)
  14 black mambas
  Maurice (D:10)
  8 elephants (Lair:6)
  10 cane toads
  A torpor snail (Lair:4)
  7 rime drakes
  7 komodo dragons
  An efreet (D:10)
  A demonic crawler (Lair:3)
  2 trolls (D:9)
  A queen bee (D:10)
  A meliai (D:10)
  A tyrant leech (Lair:4)
  A polar bear (Lair:6)
  4 hornets
  24 blink frogs
  6 spriggans (Lair:5)
  A shadow (D:10)
  A wraith (D:10)
  A vampire (D:10)
  12 yaks
  7 wyverns
  2 basilisks (Lair:2)
  6 steam dragons
  14 two-headed ogre zombies (D:9)
  4 swamp worms (Lair:3)
  24 water moccasins
  An ice beast (D:6)
  A black bear (D:4)
  23 orc warriors
  16 ogres
  6 wolves
  3 centaurs
  A necrophage (D:8)
  4 kobold brigands
  Blork the orc (D:5)
  6 bullfrogs
  A gnoll sergeant (D:8)
  A wyvern zombie (D:7)
  4 scorpions
  A wyvern skeleton (D:6)
  5 wights (D:6)
  8 killer bees
  2 electric eels (D:9)
  2 howler monkeys (D:9)
  2 bullfrog zombies (D:6)
  2 centaur zombies
  A jelly (D:6)
  A bullfrog skeleton (D:7)
  15 orc priests
  4 hounds (D:9)
  A centaur skeleton (D:5)
  Jessica (D:3)
  Natasha (thrice) (D:3)
  17 orc wizards
  2 iguanas
  Terence (D:2)
  A killer bee zombie (D:6)
  24 gnolls
  A howler monkey zombie (D:9)
  6 adders
  2 white imps
  An ufetubus (D:4)
  An adder zombie (D:5)
  3 worms
  2 dart slugs
  72 orcs
  8 ball pythons
  7 bats
  11 endoplasms
  11 goblins
  11 hobgoblins
  4 jackals
  61 kobolds
  2 quokkas
  5 frilled lizards
  4 rats
573 creatures vanquished.

Vanquished Creatures (others)
  A quokka (D:6)
  11 fungi
  15 plants
27 creatures vanquished.

Grand Total: 600 creatures vanquished

Notes
Turn   | Place    | Note
-------+----------+-------------------------------------------
     0 | D:1      | sankara the Troll Monk began the quest for the Orb.
     0 | D:1      | Reached XP level 1. HP: 22/22 MP: 0/0
   251 | D:1      | Reached XP level 2. HP: 29/29 MP: 1/1
   401 | D:1      | Found a faded altar of an unknown god.
   900 | D:2      | Noticed Terence
   923 | D:2      | Killed Terence
   924 | D:2      | Reached skill level 4 in Unarmed Combat
   924 | D:2      | Reached XP level 3. HP: 29/36 MP: 2/2
  1226 | D:2      | Found Rakeaz's Distillery.
  1244 | D:2      | Reached XP level 4. HP: 44/44 MP: 3/3
  1545 | D:3      | Noticed Jessica
  1685 | D:3      | Noticed Natasha
  1695 | D:3      | Killed Natasha
  1696 | D:3      | Reached skill level 5 in Unarmed Combat
  1780 | D:3      | Found a broken altar of Ashenzari.
  1820 | D:3      | Noticed Natasha
  1829 | D:3      | Killed Natasha
  1830 | D:3      | Reached XP level 5. HP: 42/52 MP: 4/4
  1883 | D:3      | Killed Jessica
  2081 | D:3      | Noticed Natasha
  2088 | D:3      | Killed Natasha
  2500 | D:3      | Reached XP level 6. HP: 49/61 MP: 5/5
  2583 | D:3      | Reached skill level 6 in Unarmed Combat
  2734 | D:3      | Reached XP level 7. HP: 64/67 MP: 6/6
  3206 | D:4      | Reached skill level 7 in Unarmed Combat
  3529 | D:4      | Reached skill level 1 in Throwing
  3677 | D:4      | Found a staircase to the Ecumenical Temple.
  3692 | Temple   | Entered the Ecumenical Temple
  3726 | Temple   | Became a worshipper of Warmaster Okawaru
  3726 | Temple   | Reached * piety under Okawaru
  3726 | Temple   | Reached ** piety under Okawaru
  3914 | D:5      | Entered Level 5 of the Dungeon
  4035 | D:5      | Reached XP level 8. HP: 77/78 MP: 7/7
  4668 | D:5      | Noticed Blork the orc
  4673 | D:5      | Found a faded altar of an unknown god.
  4674 | D:5      | Found a hazy altar of Hepliaklqana.
  4677 | D:5      | Killed Blork the orc
  4830 | D:6      | Found Gaisueg's Book Emporium.
  4915 | D:6      | Reached skill level 8 in Unarmed Combat
  4972 | D:6      | Found a stormy altar of Qazlal.
  4975 | D:6      | Reached skill level 5 in Fighting
  5051 | D:6      | Reached *** piety under Okawaru
  5052 | D:6      | Reached skill level 5 in Dodging
  5103 | D:6      | Found a white marble altar of Elyvilon.
  5398 | D:6      | Reached XP level 9. HP: 47/88 MP: 8/8
  5420 | D:6      | Reached skill level 1 in Invocations
  5476 | D:6      | Found a bloodstained altar of Trog.
  5479 | D:6      | Found a hide-covered altar of Uskayaw.
  5514 | D:6      | Found a runed translucent gate.
  5514 | D:6      | Found a runed translucent gate.
  5514 | D:6      | Found a runed translucent gate.
  5514 | D:6      | Noticed Jazqba's ghost (novice HONe)
  5516 | D:6      | Found a basalt altar of Yredelemnul.
  5566 | D:6      | Found an ancient bone altar of Kikubaaqudgha.
  5568 | D:6      | Found a shadowy altar of Dithmenos.
  6073 | D:7      | Found a glowing golden altar of the Shining One.
  6095 | D:7      | Found a shimmering blue altar of Sif Muna.
  6481 | D:7      | Found an opulent altar of Gozag.
  6728 | D:8      | Reached **** piety under Okawaru
  6732 | D:8      | Reached skill level 9 in Unarmed Combat
  6782 | D:8      | Reached skill level 1 in Armour
  7047 | D:8      | Found a glowing silver altar of Zin.
  7177 | D:9      | Found a staircase to the Lair.
  7177 | D:9      | Noticed a troll
  7198 | D:9      | Reached ***** piety under Okawaru
  7207 | D:9      | Killed a troll
  7208 | D:9      | Reached XP level 10. HP: 56/98 MP: 7/11
  7458 | D:9      | Noticed a two-headed ogre
  7465 | D:9      | Killed a two-headed ogre
  7466 | D:9      | Reached skill level 5 in Throwing
  8212 | D:9      | Identified the +6 short sword "Rexib" {venom, rElec Dex+5}
                  | (Okawaru gifted it to you on level 9 of the Dungeon)
  8212 | D:9      | Received a gift from Okawaru
  8316 | D:9      | Noticed a two-headed ogre
  8327 | D:9      | Killed a two-headed ogre
  8328 | D:9      | Reached skill level 10 in Unarmed Combat
  8329 | D:9      | Noticed an ogre mage
  8341 | D:9      | Killed an ogre mage
  8342 | D:9      | Reached XP level 11. HP: 86/107 MP: 13/13
  8357 | D:9      | Received a gift from Okawaru
  8394 | D:9      | Got the Grimoire of Changing and Summoning
  8560 | Lair:1   | Entered Level 1 of the Lair of Beasts
  8601 | Lair:1   | Reached skill level 5 in Invocations
  8711 | Lair:1   | HP: 5/109 [poisoned by a cane toad]
  8716 | Lair:1   | HP: 4/109 [poisoned by a cane toad]
  9474 | Lair:1   | Identified the +0 pair of boots "Poellute" {Dex+2}
  9543 | Lair:2   | Received a gift from Okawaru
  9602 | Lair:2   | Reached skill level 5 in Armour
  9678 | Lair:2   | Found the +8 whip "Snakebite" {venom, curare, rPois}
 10122 | Lair:2   | Received a gift from Okawaru
 10369 | Lair:3   | You fall into a shaft and drop 2 floors!
 10389 | Lair:5   | Found a transporter.
 10639 | Lair:3   | Reached skill level 11 in Unarmed Combat
 10793 | Lair:3   | Found a staircase to the Snake Pit.
 10808 | Lair:3   | Reached XP level 12. HP: 104/119 MP: 14/14
 10872 | Lair:3   | Noticed a five-headed hydra
 11305 | Lair:3   | Identified the +0 pair of boots "Juemp" {Will+ Regen+
                  | Str-5}
 11307 | Lair:3   | Identified the +1 hand axe of Hiujef {venom, rCorr}
 11630 | Lair:4   | Reached ****** piety under Okawaru
 11647 | Lair:4   | Noticed an eight-headed hydra
 11647 | Lair:4   | Noticed an eight-headed hydra
 11681 | Lair:4   | Killed a 12-headed hydra
 11885 | Lair:4   | Found a transporter.
 11947 | Lair:4   | Received a gift from Okawaru
 12031 | Lair:4   | Identified the +8 dagger of Kuotiha {vorpal, Drain Will++
                  | rCorr}
 12074 | Lair:4   | Noticed a four-headed hydra
 12086 | Lair:4   | Killed an eight-headed hydra
 12152 | Lair:4   | Noticed a death yak
 12155 | Lair:4   | Found a transporter.
 12160 | Lair:4   | Noticed DiogoH's ghost (journeyman PaWr)
 12363 | Lair:4   | Killed an 11-headed hydra
 12438 | Lair:4   | Found a staircase to the Swamp.
 12771 | Lair:5   | Found the +2 shield of Resistance {rF++ rC++ Will++}
 12833 | Lair:5   | Found a bloodstained altar of Trog.
 12833 | Lair:5   | Noticed Serogusm's ghost (journeyman CeAM)
 12863 | Lair:5   | Found a transporter.
 12865 | Lair:5   | Identified the +4 quarterstaff "Momi" {vorpal, Dex+6}
 13068 | Lair:6   | Entered Level 6 of the Lair of Beasts
 13088 | Lair:6   | Received a gift from Okawaru
 13089 | Lair:6   | Reached skill level 1 in Shields
 13142 | Lair:6   | Reached skill level 12 in Unarmed Combat
 13213 | Lair:6   | Noticed Ikheod's ghost (journeyman MfGl)
 13214 | Lair:6   | Noticed a minotaur
 13224 | Lair:6   | Noticed a four-headed hydra
 13299 | Lair:6   | Reached XP level 13. HP: 64/131 MP: 12/15
 13680 | Lair:6   | Received a gift from Okawaru
 13867 | Lair:6   | Reached skill level 13 in Unarmed Combat
 13919 | Lair:6   | Found a runed translucent gate.
 13919 | Lair:6   | Found a runed translucent gate.
 13919 | Lair:6   | Found a runed translucent gate.
 13965 | Lair:6   | Found a staircase to the Slime Pits.
 14200 | Lair:6   | Identified the +2 hand crossbow of Kismet {venom, rF- rC+
                  | Int+6} (Okawaru gifted it to you on level 6 of the Lair of
                  | Beasts)
 14200 | Lair:6   | Received a gift from Okawaru
 14282 | Lair:6   | Reached skill level 5 in Shields
 14482 | Lair:6   | Killed Ikheod's ghost
 14490 | Lair:6   | Killed a minotaur
 14611 | Lair:6   | Received a gift from Okawaru
 14762 | Lair:5   | Received a gift from Okawaru
 14768 | Lair:5   | Killed Serogusm's ghost
 14774 | Lair:5   | Reached XP level 14. HP: 133/140 MP: 2/18
 15028 | Lair:4   | Killed DiogoH's ghost
 15328 | D:10     | Entered Level 10 of the Dungeon
 15371 | D:10     | Found a flagged portal.
 15411 | Bailey   | Entered a bailey
 15875 | D:10     | Noticed Maurice
 15903 | D:10     | Killed Maurice
 15924 | D:10     | Noticed cccc's ghost (journeyman MiBe)
 15935 | D:10     | Found a transporter.
 15940 | D:10     | Found a transporter.
 15975 | D:10     | Reached skill level 14 in Unarmed Combat
 16111 | D:10     | Found a staircase to the Orcish Mines.
 16241 | D:10     | Found a blossoming altar of Fedhas.
 16416 | D:10     | Killed cccc's ghost
 16436 | D:10     | Reached skill level 10 in Dodging
 16499 | D:11     | Noticed Gastronok
 16515 | D:11     | Killed Gastronok
 16681 | Orc:1    | Entered Level 1 of the Orcish Mines
 16767 | Orc:1    | Noticed an orc warlord
 16771 | Orc:2    | Entered Level 2 of the Orcish Mines
 16771 | Orc:2    | Found Kitru's Armour Shoppe.
 16830 | Orc:2    | Found a staircase to the Elven Halls.
 17085 | Orc:2    | Received a gift from Okawaru
 17129 | Orc:2    | HP: 7/140 [troll (4)]
 17131 | Orc:2    | Demolished by a two-headed ogre

Illustrated notes

Levels and vault maps discovered:
D:1:      onia_arrival_mini_maze_b, layout_basic, shapermc_ecumenical_altar_gd
D:2:      layout_basic, serial_shops, shop_fountains, uniq_terence
D:3:      minmay_goblin_kobold_castle, layout_basic,
          mainiacjoe_overflow_tiny_flanked, uniq_jessica, uniq_natasha
D:4:      layout_basic, minmay_temple_entry_stoned_glass, hex_large,
          minmay_quadrilaterals
D:5:      layout_loops_corners, beargit_hepliaklqana_dungeon_heroes
D:6:      layout_basic, mainiacjoe_overflow_cross_hatched, elyvilon_altar_4,
          nicolae_yredelemnul_ghost_church, grunt_temple_overflow_open,
          serial_shops, shop_statue
D:7:      layout_cave_pools, mainiacjoe_overflow_six_doors_small,
          nicolae_overflow_crystal_walls, mainiacjoe_overflow_boulevard,
          kennysheep_generic_room_15
D:8:      layout_rooms, general_overflow_altar
D:9:      lemuel_ogre_cave, layout_basic, erik_lair_island,
          minmay_misc_feat_five, dk_noncrumbling_2
D:10:     layout_cave_pools, lemuel_crystal_altar, david_orc_1_choice,
          gammafunk_ghost_hive, enter_bailey_3, uniq_maurice
D:11:     layout_loops_ring, minmay_shop_grid_forest, minmay_alternating_orb,
          uniq_snorg, uniq_gastronok
Temple:   corrupted_temple
Lair:1:   layout_concentric_octagons, infiniplex_staircase_pool_2
Lair:2:   minmay_guarded_unrand_snakebite, layout_regular_city
Lair:3:   layout_loops_ring, minmay_snake_entry_six_corridors, minivault_27,
          serial_bayou_pond_c, worms_lemuel, serial_bayou_shore_a
Lair:4:   layout_cave_pods, palyth_hydra_swamp_entry, nzn_ghost_randoct
Lair:5:   layout_roguey, gammafunk_ghost_wrathful_warriors
Lair:6:   gammafunk_lair_ancient_temple, layout_hall_layers,
          minmay_slime_entry_oklob_enclosed, maelrawn_ghost_gauntlet_escape
Orc:1:    layout_diamond_mine, basic_altar, portal_ice_cave_entry_imps
Orc:2:    st_orc_ogre_mass, layout_caves, basic_altar, serial_shops,
          nicolae_shop_competitors_out_of_business

Skill      XL: |  1  2  3  4  5  6  7  8  9 10 11 12 13 14 |
---------------+-------------------------------------------+-----
Unarmed Combat | 4 5 6 7 8 9 10 11 12 13 14 | 14.5
Fighting       | 3 4 5 6 7 9 |  9.0
Dodging        | 3 4 5 6 7 9 10 | 10.9
Throwing       | 1 3 4 5 7 |  7.0
Invocations    | 3 4 5 7 |  7.0
Armour         | 2 3 5 6 |  6.0
Shields        | 1 6 7 |  7.9
Stealth        | |  1.0

Action                   |  1- 3 |  4- 6 |  7- 9 | 10-12 | 13-15 || total
-------------------------+-------+-------+-------+-------+-------++-------
Melee: Unarmed           |    64 |   179 |   384 |   566 |   566 ||  1759
       Punch             |     1 |     5 |    18 |    33 |       ||    57
 Fire: Hunting sling     |       |       |       |       |    59 ||    59
Throw: Dart              |     2 |     6 |    16 |    20 |     1 ||    45
       Stone             |       |       |     4 |       |    77 ||    81
       Boomerang         |       |       |       |       |    15 ||    15
       Javelin           |       |       |       |       |     2 ||     2
Invok: Heroism           |       |       |    11 |    14 |    19 ||    44
       Finesse           |       |       |       |     6 |    14 ||    20
Evoke: Wand              |       |       |       |       |     3 ||     3
  Use: Scroll            |       |       |    11 |     3 |    13 ||    27
       Potion            |       |       |     6 |       |     5 ||    11
 Stab: Sleeping          |     3 |     3 |     4 |     9 |     2 ||    21
       Distracted        |       |       |       |       |     2 ||     2
Armor: Robe              |    18 |    64 |    67 |       |       ||   149
       Skin              |       |       |    46 |       |       ||    46
       Steam dragon scal |       |       |    23 |       |       ||    23
       Troll leather arm |       |       |       |   125 |   105 ||   230
Dodge: Dodged            |    36 |    77 |   193 |   352 |   290 ||   948
Block: Kite shield       |       |       |       |    67 |   323 ||   390
